Map: Acid Plant LE

Players

Denver - Winner!

  • Race: Zerg Zerg
  • Spawn Location: 11:00

iAsonu

  • Race: Zerg Zerg
  • Spawn Location: 5:00

Event: WCS Valencia 2018

VOD

Have the link to the VOD?

Description

Time

  • Played on: July 12, 2018, 2:07 p.m.
  • Length: 7:54

All games in this series

Show
View Real Time Build Order
Export as new Build Order

Denver Zerg - Winner!

Build Orders: 3 Hatch before Pool 

Get SALT Encoding   

  12  0:00  Drone  
  13  0:12  Overlord  
  13  0:17  Drone  
  14  0:30  Drone x2  
  14  0:33  Drone  
  17  0:50  Hatchery  
  17  0:55  Drone  
  17  0:58  Drone  
  18  1:09  Drone  
  19  1:21  Hatchery  
  19  1:25  Drone  
  19  1:27  Extractor  
  18  1:39  Spawning Pool  
  17  1:42  Drone  
  17  1:46  Drone  
  19  1:51  Drone  
  20  2:00  Drone  
  21  2:04  Drone  
  22  2:11  Drone  
  22  2:14  Overlord  
  23  2:26  Metabolic Boost  
  23  2:27  Queen  
  25  2:31  Queen  
  25  2:35  Zergling x2  
  28  2:40  Queen  
  28  2:43  Zergling x2  
  31  2:45  Zergling x2  
  31  2:48  Zergling x2  
  33  2:52  Zergling x4  
  33  2:55  Zergling x2  
  33  2:58  Zergling x2  
  37  2:59  Zergling x2  
  37  3:03  Zergling x2  
  39  3:07  Overlord  
  39  3:13  Zergling x4  
  39  3:14  Zergling x2  
  39  3:19  Overlord  
  42  3:26  Zergling x4  
  43  3:32  Drone  
  43  3:33  Drone  
  43  3:34  Baneling Nest  
  43  3:35  Drone  
  43  3:40  Zergling x2  
  43  3:41  Zergling x2  
  46  3:48  Drone x3  
  47  3:52  Drone x2  
  49  4:00  Drone x3  
  50  4:02  Drone  
  50  4:08  Drone x2  
  50  4:13  Zergling x2  
  50  4:14  Zergling x4  
  53  4:20  Queen  
  52  4:25  Drone x3  
  52  4:29  Evolution Chamber  
  52  4:30  Baneling x3  
  52  4:33  Zergling x4  
  52  4:36  Overlord  
  54  4:39  Drone x2  
  56  4:51  Drone x2  
  56  4:52  Overlord, Drone  
  55  4:54  Zergling x2  
  55  4:56  Zerg Missile Weapons Level 1  
  55  4:57  Extractor  
  55  4:58  Extractor, Drone  
  55  4:59  Drone x2  
  57  5:02  Drone x3  
  60  5:11  Zergling x2  
  60  5:12  Zergling x6  
  63  5:15  Zergling x8  
  66  5:22  Overlord  
  66  5:26  Lair  
  66  5:27  Roach Warren  
  65  5:30  Zergling x6  
  65  5:35  Drone x3  
  64  5:36  Drone  
  62  5:43  Drone  
  62  5:47  Drone x3  
  66  5:54  Zergling x12  
  66  6:02  Overlord  
  66  6:03  Drone  
  66  6:04  Drone x2  
  66  6:11  Roach x2  
  66  6:12  Roach x2  
  66  6:17  Roach  
  75  6:21  Extractor, Drone x3  
  75  6:24  Roach  
  75  6:25  Glial Reconstitution  
  79  6:27  Overlord  
  79  6:28  Overseer  
  79  6:32  Roach x3  
  85  6:34  Drone x2  
  85  6:38  Roach  
  85  6:39  Overlord  
  89  6:42  Overlord  
  89  6:45  Overseer  
  89  6:48  Roach x3  
  95  6:55  Overlord  
  95  6:57  Overlord  
  95  6:59  Roach  
  95  7:01  Baneling x4  
  97  7:02  Baneling x2  
  97  7:04  Overlord  
  97  7:08  Overlord  
  97  7:11  Drone  
  97  7:12  Drone x3  
  101  7:19  Roach x2  
  101  7:20  Roach x2  
  106  7:27  Roach x3  
  106  7:29  Overseer  
  106  7:30  Drone  
  106  7:32  Hydralisk Den  
  106  7:33  Roach  
  106  7:34  Roach  
Show
View Real Time Build Order
Export as new Build Order

iAsonu Zerg 

Build Orders: Hatch First, Zergling Baneling 

Get SALT Encoding   

  12  0:01  Drone  
  13  0:12  Overlord  
  13  0:17  Drone  
  14  0:31  Drone x2  
  14  0:35  Drone  
  17  0:51  Hatchery  
  17  0:53  Drone  
  17  0:57  Drone  
  17  0:59  Extractor  
  17  1:12  Spawning Pool  
  17  1:15  Drone  
  17  1:20  Drone  
  18  1:29  Drone  
  19  1:42  Overlord  
  19  1:50  Drone  
  20  1:59  Queen  
  20  2:00  Metabolic Boost  
  22  2:03  Drone, Queen  
  22  2:07  Zergling x2  
  26  2:11  Zergling x2  
  26  2:14  Zergling x2  
  28  2:22  Zergling x2  
  29  2:25  Drone  
  30  2:32  Drone  
  31  2:38  Drone  
  31  2:41  Hatchery  
  31  2:47  Overlord  
  31  2:52  Zergling x2  
  31  2:54  Baneling Nest  
  31  2:56  Zergling x2  
  32  3:01  Zergling x2  
  33  3:07  Drone x2  
  33  3:08  Drone  
  33  3:09  Drone  
  37  3:16  Drone  
  37  3:17  Drone x3  
  37  3:19  Drone  
  42  3:26  Drone  
  42  3:29  Drone  
  42  3:37  Zergling x2  
  42  3:38  Baneling x2  
  43  3:47  Overlord  
  42  3:52  Queen x2  
  42  3:53  Overlord x2  
  46  3:57  Baneling  
  46  3:58  Zergling x2  
  46  3:59  Zergling x2  
  46  4:02  Zergling x2  
  49  4:06  Zergling x4  
  49  4:07  Drone  
  50  4:11  Drone  
  51  4:22  Zergling x4  
  51  4:24  Baneling  
  50  4:27  Drone  
  50  4:28  Hatchery  
  50  4:34  Drone  
  50  4:36  Extractor  
  50  4:37  Baneling x2, Extractor  
  49  4:40  Roach Warren  
  49  4:41  Drone x2  
  50  4:51  Overlord  
  50  4:54  Drone  
  50  4:57  Baneling x2  
  51  5:02  Lair  
  51  5:04  Drone x2, Evolution Chamber  
  52  5:10  Drone x2  
  49  5:14  Zergling x8  
  49  5:19  Zergling x2  
  49  5:23  Zergling x2  
  50  5:30  Drone  
  50  5:35  Roach x3  
  57  5:37  Zerg Missile Weapons Level 1  
  57  5:39  Extractor, Drone  
  57  5:42  Baneling  
  55  5:46  Roach  
  57  5:51  Drone  
  57  5:52  Zergling x2, Roach  
  57  5:53  Zergling x2  
  57  5:55  Roach  
  56  6:05  Queen  
  56  6:07  Drone x2  
  60  6:12  Drone  
  60  6:14  Hatchery  
  58  6:18  Drone  
  58  6:19  Drone  
  58  6:20  Baneling x2  
  60  6:28  Roach  
  60  6:32  Drone  
  63  6:34  Spire  
  63  6:36  Overseer  
  63  6:38  Drone  
  63  6:42  Overlord  
  63  6:45  Unknown  
  63  6:52  Drone x2  
  65  6:54  Overlord  
  65  6:55  Drone  
  65  6:56  Drone  
  65  7:00  Roach x2  
  71  7:01  Overlord  
  71  7:02  Roach  
  71  7:04  Roach  
  75  7:13  Overlord  
  75  7:15  Roach  
  74  7:29  Roach x2  
  74  7:32  Roach x2  
  74  7:35  Roach x2  
Tags
 
Add a new tag
Caveats
  • Supply blocks, unpowered buildings, or Contaminate may cause inaccurate times.
  • Supply counts are checked every 10 seconds.